 Dungeon Crawl Stone Soup version 0.24-a0-181-gd121a6d (webtiles) character file.

Game seed: 13966628567357894457

220 galech the Chopper (level 5, -6/42 HPs)
             Began as a Demonspawn Fighter on Mar 14, 2019.
             Mangled by Grinder (8 damage)
             ... while paralysed by Grinder
             ... on level 3 of the Dungeon.
             The game lasted 00:04:53 (2399 turns).

galech the Chopper (Demonspawn Fighter)             Turns: 2399, Time: 00:04:53

Health: -6/42      AC:  8    Str: 17    XL:     5   Next: 64%
Magic:  5/5        EV:  2    Int:  9    God:
Gold:   118        SH:  0    Dex: 13    Spells: 4/4 levels left

rFire    . . .     SeeInvis .   a - +0 war axe
rCold    . . .     Gourm    .   c - +0 shield
rNeg     . . .     Faith    .   b - +0 scale mail
rPois    +         Spirit   .   (no helmet)
rElec    .         Reflect  .   (no cloak)
rCorr    .         Harm     .   (no gloves)
MR       .....                  k - +0 pair of boots
Stlth    ..........             q - amulet of magic regeneration
HPRegen  0.14/turn              y - ring of poison resistance
MPRegen  0.34/turn              j - ring of attention (curse)

@: paralysed
A: hooves 1, powered by death 1
a: no special abilities


You were on level 3 of the Dungeon.
You were not hungry.

You visited 1 branch of the dungeon, and saw 3 of its levels.

You collected 118 gold pieces.

Inventory:

Hand Weapons
 a - a +0 war axe (weapon)
 w - a +1 hand axe of freezing
Armour
 b - a +0 scale mail (worn)
 c - a +0 shield (worn)
 k - a +0 pair of boots (worn)
 v - a +0 chain mail
Jewellery
 e - an uncursed ring of magical power
 j - a cursed ring of attention (right hand)
 q - an amulet of magic regeneration (around neck)
 y - a ring of poison resistance (left hand)
Wands
 s - a wand of flame (8)
Scrolls
 h - 3 scrolls of teleportation
 i - a scroll of noise
 l - 2 scrolls of blinking
 m - a scroll of amnesia {unknown}
 p - a scroll of remove curse
 t - a scroll of magic mapping
 u - a scroll of enchant armour {unknown}
 z - a scroll of identify
Potions
 d - a potion of might
 n - 2 potions of heal wounds {unknown}
 o - a potion of lignification {unknown}
 r - a potion of flight {unknown}
 x - a potion of curing {unknown}
Comestibles
 f - 6 rations
 g - 9 chunks of flesh


   Skills:
 + Level 3.7 Fighting
 + Level 3.9 Axes
 + Level 3.5 Armour
 + Level 0.3 Dodging
 + Level 0.1 Stealth
 + Level 3.2 Shields


You had 4 spell levels left.
You didn't know any spells.
Your spell library contained the following spells:

 Spells                   Type           Power        Failure   Level  Hunger
 Animate Skeleton         Necr           N/A          99%         1    ##.....
 Apportation              Tloc           #.....       99%         1    ##.....
 Confusing Touch          Hex            #.....       99%         1    ##.....
 Summon Small Mammal      Summ           #...         99%         1    ##.....


Dungeon Overview and Level Annotations

Branches:
Dungeon (3/15)

Altars:
Uskayaw

Annotations:
D:3 Grinder


Innate Abilities, Weirdness & Mutations

You have large cloven feet.
You regenerate a little health from kills.


Message History

Grinder blinks!
You hit Grinder.
Grinder is lightly wounded.
Grinder hits you.
You writhe in agony.
You block the gnoll's attack.
You hit Grinder.
Grinder is moderately wounded.
Grinder gestures at you.
You suddenly lose the ability to move!
The gnoll barely misses you. Grinder hits you but does no damage.
The gnoll hits you but does no damage. Grinder hits you.
You writhe in agony.
The gnoll hits you but does no damage. Grinder hits you.
The gnoll hits you but does no damage. Grinder hits you!
Grinder hits you but does no damage.
The gnoll hits you from afar with a +0 halberd.
Grinder hits you.
You writhe in agony.
* * * LOW HITPOINT WARNING * * *
The gnoll hits you from afar with a +0 halberd!
* * * LOW HITPOINT WARNING * * *
Grinder hits you!
You die...

..# #.# #.# #[#
#.# #.# #.# #.#
#.#
#.######.###.#
....>.....##.#
########..##.#
#.)##.#
#).##.#######.###
#........@5g.....
##.##...###.#####
#..........#
######.###. #.#
#.# #.# #.#


You could see Grinder and a gnoll.

Vanquished Creatures
  An orc priest (D:3)
  6 gnolls
  3 adders
  2 worms
  2 dart slugs (D:1)
  2 leopard geckos
  5 orcs (D:3)
  A ball python (D:2)
  5 giant cockroaches
  10 goblins
  7 hobgoblins
  10 jackals
  A quokka (D:2)
  12 bats
  4 frilled lizards (D:1)
  8 kobolds
  A quokka skeleton (D:2)
  9 rats
89 creatures vanquished.

Notes
Turn   | Place    | Note
-------+----------+-------------------------------------------
     0 | D:1      | galech the Demonspawn Fighter began the quest for the Orb.
     0 | D:1      | Reached XP level 1. HP: 18/18 MP: 1/1
    72 | D:1      | Gained mutation: You regenerate a little health from kills.
                  | [demonic ancestry]
    72 | D:1      | Reached XP level 2. HP: 17/24 MP: 2/2
   653 | D:2      | Reached XP level 3. HP: 29/29 MP: 3/3
  1285 | D:1      | Gained mutation: You have large cloven feet. [demonic
                  | ancestry]
  1285 | D:1      | Reached XP level 4. HP: 5/36 MP: 4/4
  2150 | D:3      | Reached XP level 5. HP: 30/42 MP: 5/5
  2223 | D:3      | Found a hide-covered altar of Uskayaw.
  2390 | D:3      | Noticed Grinder
  2393 | D:3      | Paralysed by Grinder for 7 turns
  2399 | D:3      | HP: 2/42 [gnoll/+0 halberd (9)]
  2399 | D:3      | Mangled by Grinder

Levels and vault maps discovered:
D:1:      kennysheep_arrival_seaside, layout_rooms
D:2:      layout_basic
D:3:      layout_loops_ring, eat_drink_and_be_merry_uskayaw, first_ration,
          kennysheep_okawaru_gauntlet, uniq_grinder

Skill      XL: |  1  2  3  4 |
---------------+-------------+-----
Axes           | 2 3 |  3.9
Armour         | 3 |  3.5
Shields        | 3 |  3.2
Fighting       | |  3.7
Dodging        | |  0.3
Stealth        | |  0.1

Action                   |  1- 3 |  4- 6 || total
-------------------------+-------+-------++-------
Melee: War axe           |   120 |   170 ||   290
  Use: Scroll            |       |     5 ||     5
  Eat: Chunk             |     1 |     5 ||     6
Armor: Scale mail        |    91 |    93 ||   184
Dodge: Dodged            |    51 |    57 ||   108
Block: Shield            |    76 |    87 ||   163

Table legend:
 A = Non-vault XP
 B = Vault XP
 C = Vault XP percentage of total XP
 D = Non-vault monster count
 E = Vault monster count
 F = Vault count percentage of total count
                 A         B        C        D         E       F
            +---------+---------+-------+---------+---------+-------
      Total |     315 |       0 |   0.0 |      89 |       0 |   0.0
            +---------+---------+-------+---------+---------+-------
        D:1 |      69 |       0 |   0.0 |      26 |       0 |   0.0
        D:2 |     111 |       0 |   0.0 |      34 |       0 |   0.0
        D:3 |     135 |       0 |   0.0 |      29 |       0 |   0.0
            +---------+---------+-------+---------+---------+-------
